 Dungeon Crawl Stone Soup version 0.30.0-29-ga12c61a403 (webtiles) character file.

Game seed: 10406576504899592370

1764 ChadusMaximus the Chopper (level 8, -1/71 HPs)
             Began as a Minotaur Fighter on June 11, 2023.
             Was a Believer of Okawaru.
             Slain by a raiju (2 damage)
             ... on level 3 of the Abyss.
             The game lasted 00:05:14 (4761 turns).

ChadusMaximus the Chopper (Minotaur Fighter)        Turns: 4761, Time: 00:05:14

Health: -1/71      AC: 14    Str: 23    XL:     8   Next: 79%
Magic:  10/10      EV: 16    Int:  5    God:    Okawaru [**....]
Gold:   337        SH:  6    Dex: 10    Spells: 7/7 levels left

rFire   . . .        v - +7 Throatcutter {drain, coup de grace}
rCold   . . .        c - +0 buckler
rNeg    . . .        b - +0 scale mail
rPois   .            (helmet restricted)
rElec   .            (no cloak)
rCorr   .            j - +0 pair of gloves
SInv    .            p - +2 pair of boots
Will    .....        (no amulet)
Stlth   +            o - +5 ring of evasion
HPRegen 0.31/turn    (no ring)
MPRegen 0.12/turn

%: no passive effects
@: heroic
A: horns 2, retaliatory headbutt
a: Renounce Religion, Heroism


You were on level 3 of the Abyss.
You worshipped Okawaru.
Okawaru was pleased with you.
You visited 1 branch of the dungeon, and saw 6 of its levels.
You visited the Abyss 1 time.

You collected 337 gold pieces.

Inventory:

Hand Weapons
 a - a +0 war axe
 v - the +7 Throatcutter (weapon) {drain, coup de grace}
   (You found it on level 5 of the Dungeon)
Missiles
 r - 4 boomerangs (quivered)
Armour
 b - a +0 scale mail (worn)
 c - a +0 buckler (worn)
 j - a +0 pair of gloves (worn)
 p - a +2 pair of boots (worn)
Jewellery
 o - a +5 ring of evasion (left hand)
 u - an amulet of magic regeneration
 B - a ring of protection from cold
 C - a ring of wizardry
Wands
 d - a wand of roots (10)
 w - a wand of polymorph (7)
 A - a wand of digging (6)
Scrolls
 f - a scroll of magic mapping {unknown}
 g - 3 scrolls of identify {unknown}
 h - a scroll of acquirement {unknown}
 l - a scroll of fog {unknown}
 m - 2 scrolls of blinking {unknown}
 n - 6 scrolls of teleportation {unknown}
 q - 2 scrolls of enchant armour {unknown}
 t - a scroll of noise {unknown}
 y - a scroll of immolation {unknown}
 D - 2 scrolls of poison {unknown}
Potions
 e - 3 potions of curing {unknown}
 i - 2 potions of magic {unknown}
 k - a potion of brilliance {unknown}
 s - a potion of haste {unknown}
 x - a potion of heal wounds {unknown}
 z - a potion of ambrosia {unknown}


   Skills:
 + Level 6.4(11.4) Fighting
 * Level 7.8(12.8) Axes
 * Level 2.4(7.4) Throwing
 + Level 6.4(11.4) Armour
 + Level 6.4(11.4) Shields
 - Level 4.4 Invocations


You had 7 spell levels left.
You didn't know any spells.
Your spell library contained the following spells:

 Spells                   Type           Power      Damage    Failure   Level
 Blink                    Tloc           0%         N/A       88%         2
 Lesser Beckoning         Tloc           0%         N/A       88%         2
 Momentum Strike          Conj/Tloc      0%         3d8       88%         2


Dungeon Overview and Level Annotations

Branches:
Dungeon (6/15)
 Temple: D:4-7

Altars:
Dithmenos
Gozag
Okawaru
Qazlal
Sif Muna
Wu Jian
Yredelemnul
Zin

Shops:
D:1 :   D:5 (   D:6 [


Innate Abilities, Weirdness & Mutations

You have a pair of horns on your head.
You reflexively headbutt those who attack you in melee.


Message History

You miss the raiju.
The raiju is heavily wounded.
The raiju bites you but does no damage.
You slash the raiju!
You behead the raiju!
You kill the raiju!
Okawaru is honoured by your kill.
You hit the slime creature. You headbutt the slime creature.
The slime creature is lightly wounded.
The slime creature barely misses you.
You slash the slime creature! You headbutt the slime creature!
The slime creature is heavily wounded.
The slime creature hits you!
* * * LOW HITPOINT WARNING * * *
You slash the slime creature! You drain the slime creature.
You headbutt the slime creature.
The slime creature is severely wounded.
The slime creature closely misses you. The slime creature misses you.
You slash the slime creature! You drain the slime creature.
You kill the slime creature!
Okawaru accepts your kill. The raiju bites you but does no damage.
Your base Throwing skill increases to level 2!
You slash the raiju!
You headbutt the raiju, but do no damage.
The raiju is heavily wounded.
The substance of the Abyss twists violently, and a gateway leading out appears!
The raiju misses you.
You slash the raiju!
The raiju is severely wounded.
You block the raiju's attack.
You barely miss the raiju. Your headbutt misses the raiju.
The raiju is severely wounded.
The raiju bursts into living lightning!
The living lightning hits you!
* * * LOW HITPOINT WARNING * * *
The raiju blinks!
You closely miss the raiju. Your headbutt misses the raiju.
The raiju is severely wounded.
The raiju bites you.
You die...

##. .#. .+ . #
.## # #. #. .'.+
### .##.#+#
#.... .#..'.+ ..
. #..#+#
#....####'.+
####.#h##'#+#+#+
#. .#@##...#....
~~# ####..#
.#.♣~~~ ..~#.~
.~~.# #... ..~~~
~~ .. #
##.~~~h~~ # # .
. ~≈#♣~≈~~.## #
.. # ≈~~~~...
~.. #~h~ ..###
.#. #~~...#.


You could see a raiju.

Vanquished Creatures
  Grinder (D:4)
  A raiju (Abyss:3)
  A slime creature (Abyss:3)
  Duvessa (D:4)
  A water moccasin (D:5)
  An ice beast (D:5)
  An ogre (D:5)
  2 phantoms
  2 scorpions
  Dowan (D:4)
  3 jellies
  A sleepcap (D:5)
  2 iguanas (D:5)
  3 orc wizards (D:4)
  Terence (D:2)
  5 gnolls (D:6)
  7 adders
  A shadow imp (D:5)
  An ufetubus (D:5)
  4 worms
  3 dart slugs
  6 orcs
  13 endoplasms
  3 giant cockroaches
  6 goblins
  5 hobgoblins
  7 jackals
  5 quokkas
  7 ball pythons
  6 bats
  3 frilled lizards
  6 kobolds
  6 rats
116 creatures vanquished.

Notes
Turn   | Place    | Note
-------+----------+-------------------------------------------
     0 | D:1      | ChadusMaximus the Minotaur Fighter began the quest for the
                  | Orb.
     0 | D:1      | Reached XP level 1. HP: 19/19 MP: 0/0
   173 | D:1      | Reached XP level 2. HP: 10/27 MP: 1/1
   305 | D:1      | Reached skill level 3 in Axes
   520 | D:1      | Found Ipreu's Book Boutique.
   729 | D:1      | Reached XP level 3. HP: 33/33 MP: 2/2
  1115 | D:2      | Reached XP level 4. HP: 40/40 MP: 3/3
  1306 | D:2      | Reached skill level 4 in Axes
  1346 | D:2      | Noticed Terence
  1355 | D:2      | Killed Terence
  1765 | D:3      | Found a shimmering blue altar of Sif Muna.
  1804 | D:3      | Found an iron altar of Okawaru.
  1806 | D:3      | Found a basalt altar of Yredelemnul.
  1815 | D:3      | Found a stormy altar of Qazlal.
  1820 | D:3      | Found a glowing silver altar of Zin.
  1824 | D:3      | Became a worshipper of Warmaster Okawaru
  1828 | D:3      | Found a shadowy altar of Dithmenos.
  1832 | D:3      | Found an opulent altar of Gozag.
  1835 | D:3      | Found an ornate altar of the Wu Jian Council.
  2005 | D:3      | Reached XP level 5. HP: 47/47 MP: 4/4
  2527 | D:4      | Reached skill level 1 in Invocations
  2903 | D:4      | Noticed Dowan
  2904 | D:4      | Noticed Duvessa
  2929 | D:5      | Entered Level 5 of the Dungeon
  2929 | D:5      | Noticed an ice beast
  2929 | D:5      | Found Zaab's Weapon Emporium.
  2932 | D:5      | Reached XP level 6. HP: 36/53 MP: 6/6
  2947 | D:5      | Killed an ice beast
  2948 | D:5      | Reached skill level 5 in Axes
  3113 | D:5      | Noticed a water moccasin
  3124 | D:5      | Killed a water moccasin
  3124 | D:5      | Reached * piety under Okawaru
  3125 | D:5      | Reached skill level 5 in Fighting
  3125 | D:5      | Reached skill level 5 in Armour
  3125 | D:5      | Reached skill level 5 in Shields
  3253 | D:5      | Reached XP level 7. HP: 37/61 MP: 7/7
  3490 | D:5      | Reached skill level 6 in Axes
  3596 | D:5      | Found the +7 Throatcutter {drain, coup de grace}
  3894 | D:4      | Killed Duvessa
  3901 | D:4      | Killed Dowan
  3975 | D:4      | Noticed Grinder
  3978 | D:4      | Paralysed by Grinder for 5 turns
  3987 | D:4      | Paralysed by Grinder for 4 turns
  3995 | D:4      | Killed Grinder
  3995 | D:4      | Reached ** piety under Okawaru
  3996 | D:4      | Reached XP level 8. HP: 65/70 MP: 7/10
  4185 | D:4      | Reached skill level 7 in Axes
  4649 | D:6      | Found Iweil's Armour Shoppe.
  4704 | Abyss:2  | Cast into level 2 of the Abyss (gnoll sergeant)
  4732 | Abyss:3  | Reached skill level 1 in Throwing
  4738 | Abyss:3  | Noticed a raiju
  4738 | Abyss:3  | Noticed a raiju
  4738 | Abyss:3  | Noticed a raiju
  4746 | Abyss:3  | Noticed a slime creature
  4753 | Abyss:3  | Killed a raiju
  4757 | Abyss:3  | Killed a slime creature
  4760 | Abyss:3  | HP: 1/71 [raiju/living lightning (7)]
  4761 | Abyss:3  | Slain by a raiju

Illustrated notes

Levels and vault maps discovered:
D:1:      dpeg_arrival_oval, layout_basic, serial_shops,
          nicolae_shop_back_alley_shop
D:2:      layout_basic, uniq_terence
D:3:      layout_basic, nicolae_overflow_hallway_of_the_gods,
          mainiacjoe_overflow_24_doors, lemuel_flame_loot_1
D:4:      layout_cave_pods, uniq_duvessa, uniq_grinder
D:5:      layout_gridville, serial_shops, nicolae_stop_n_shop_2
D:6:      layout_cave_pools, serial_gnoll_camp, gnoll_camp_mini_doghouse,
          gnoll_camp_mini_shop, gnoll_camp_mini_house, gnoll_camp_mini_basic,
          serial_shops, nicolae_shop_behind_doors, uniq_menkaure
Abyss:3:  base: Temple, base: D:6, evilmike_abyss_exit_16

Skill      XL: |  1  2  3  4  5  6  7  8 |
---------------+-------------------------+-----
Axes           | 3 4 5 6 7 |  7.8
Fighting       | 4 5 6 |  6.4
Armour         | 4 5 6 |  6.4
Shields        | 4 5 6 |  6.4
Invocations    | 1 2 4 |  4.4
Throwing       | 2 |  2.4

Action                     |  1- 3 |  4- 6 |  7- 9 || total
---------------------------+-------+-------+-------++-------
  Melee: War axe           |    81 |   130 |    21 ||   232
         Headbutt          |     5 |    12 |    15 ||    32
         Unarmed           |       |     6 |    14 ||    20
         Long sword        |       |       |    43 ||    43
 Invoke: Heroism           |       |       |     3 ||     3
    Use: Potion            |       |       |     1 ||     1
 Armour: Scale mail        |    51 |    98 |    26 ||   175
         Skin              |       |     2 |     4 ||     6
  Dodge: Dodged            |    51 |    99 |    56 ||   206
  Block: Buckler           |    23 |    19 |    16 ||    58
